 Dungeon Crawl Stone Soup version 0.29.1-12-g30fa7ad0bf (webtiles) character file.

Game seed: 16096810145268387965

19014 retardedninja the Severer (level 12, 0/108 HPs)
             Began as a Hill Orc Fighter on Jan 4, 2023.
             Was an Initiate of Gozag.
             Slain by a sixfirhy (2 damage)
             ... on level 2 of the Abyss.
             The game lasted 00:28:47 (16963 turns).

retardedninja the Severer (Hill Orc Fighter)       Turns: 16963, Time: 00:28:48

Health: 0/108      AC: 26    Str: 30    XL:     12   Next: 64%
Magic:  0/12       EV:  7    Int:  8    God:    Gozag
Gold:   134        SH:  6    Dex: 14    Spells: 11/11 levels left

rFire   + . .      SeeInvis .   o - +2 broad axe
rCold   x . .      Faith    .   c - +0 buckler
rNeg    + . .      Spirit   +   l - +3 plate armour
rPois   .          Reflect  .   (no helmet)
rElec   .          Harm     .   v - +2 cloak
rCorr   .          Rampage  .   f - +0 pair of gloves
Will    .....                   s - +1 pair of boots
Stlth   ..........              h - amulet of guardian spirit
HPRegen 0.00/turn               g - +6 ring of strength
MPRegen 0.13/turn               b - ring of Qazlal's Whim {Fire rN+ Dex+4 Slay+5}

@: silenced, gold aura, inhibited regen, studying Translocations
A: iridescent scales 1, inhibited regeneration
a: Renounce Religion


You were on level 2 of the Abyss.
You worshipped Gozag.
Gozag was aware of your devotion.
You visited 2 branches of the dungeon, and saw 13 of its levels.
You visited the Abyss 1 time.
You also visited: Bailey.

You collected 2733 gold pieces.
You spent 254 gold pieces at shops.
You paid 2345 gold pieces to Gozag.

Inventory:

Hand Weapons
 o - a +2 broad axe (weapon)
Armour
 c - a +0 buckler (worn)
 f - a +0 pair of gloves (worn)
 l - a +3 plate armour (worn)
 s - a +1 pair of boots (worn)
 v - a +2 cloak (worn)
Jewellery
 b - the ring of Qazlal's Whim (right hand) {Fire rN+ Dex+4 Slay+5}
   (You acquired it on level 2 of the Dungeon)

   [ring of fire]

   It enhances your fire magic.
   Dex:       It affects your dexterity (+4).
   Slay:      It affects your accuracy & damage with ranged weapons and melee
   (+5).
   rF:        It protects you from fire.
   rC:        It makes you vulnerable to cold.
   rN:        It protects you from negative energy.
 g - a +6 ring of strength (left hand)
 h - an amulet of guardian spirit (around neck)
 r - a ring of resist corrosion
Wands
 j - a wand of flame (29)
 u - a wand of light (2) (quivered)
 x - a wand of mindburst (12)
 y - a wand of digging (3)
Scrolls
 e - 2 scrolls of fog
 p - 4 scrolls of identify
 t - 2 scrolls of fear
Potions
 a - a potion of magic {unknown}
 d - 4 potions of flight
 k - 2 potions of lignification
 A - a potion of ambrosia
Miscellaneous
 w - a box of beasts
 B - a condenser vane
 D - a lightning rod (4/4)


   Skills:
 + Level 10.8 Fighting
 * Level 15.5 Axes
 + Level 9.9 Armour
 + Level 9.9 Shields
 + Level 8.2 Evocations


You had 11 spell levels left.
You didn't know any spells.
Your spell library contained the following spells:

 Spells                   Type           Power      Damage    Failure   Level
 Apportation              Tloc           0%         N/A       98%         1
 Beastly Appendage        Tmut           0%         N/A       98%         1
 Magic Dart               Conj           0%         1d3       98%         1
 Necrotise                Necr           0%         1d4       98%         1
 Summon Small Mammal      Summ           0%         N/A       98%         1
 Searing Ray              Conj           0%         2d4       99%         2
 Static Discharge         Conj/Air       0%         3-3/arc   99%         2
 Wereblood                Tmut           0%         N/A       99%         2
 Inner Flame              Hex/Fire       0%         N/A       100%        3
 Portal Projectile        Hex/Tloc       0%         N/A       100%        3
 Spider Form              Tmut/Pois      0%         N/A       100%        3
 Tukima's Dance           Hex            0%         N/A       100%        3
 Cause Fear               Hex            0%         N/A       100%        4
 Dispel Undead            Necr           0%         3d6       100%        4
 Fulminant Prism          Conj/Hex       0%         3d6       100%        4
 Sticky Flame             Conj/Fire      0%         2d3       100%        4
 Blade Hands              Tmut           0%         N/A       100%        5
 Discord                  Hex            0%         N/A       100%        8


Dungeon Overview and Level Annotations

Branches:
Dungeon (12/15)            Temple (1/1) D:5            Lair (0/5) D:11
 Bailey (visited)
    Orc: D:9-12

Altars:
Ashenzari
Cheibriados
Dithmenos
Elyvilon
Fedhas
Gozag
Hepliaklqana
Kikubaaqudgha
Makhleb
Nemelex Xobeh
Okawaru
Qazlal
Ru
Sif Muna
Trog
Uskayaw
Vehumet
Wu Jian
Xom
Yredelemnul
Zin
The Shining One

Shops:
D:11 ?

Annotations:
D:8 6 transporters
D:12 Erolcha


Innate Abilities, Weirdness & Mutations

You are partially covered in iridescent scales. (AC +2)
You do not regenerate when monsters are visible.


Message History

The arrow hits you but does no damage.
A starspawn tentacle comes into view.
You barely miss the tentacled starspawn.
The tentacled starspawn is severely damaged.
You barely miss the sixfirhy. You slash the starspawn tentacle!
The sixfirhy hits you but does no damage.
The sixfirhy hits you. The sixfirhy shocks you!
* * * LOW HITPOINT WARNING * * *
The sixfirhy hits you.
* * * LOW HITPOINT WARNING * * *
The sixfirhy shocks you!
* * * LOW HITPOINT WARNING * * *
The starspawn tentacle grabs you. The starspawn tentacle constricts you.
Something loses its grip on you.
The salamander shoots an arrow.
The arrow closely misses you.
The arrow hits the starspawn tentacle!
The arrow burns the starspawn tentacle.
Okay, then.
As you read the scroll of silence, it crumbles to dust.
A profound silence engulfs you. The starspawn tentacle grabs you.
The starspawn tentacle constricts you.
The small abomination is distracted by your dazzling golden aura.
The starspawn tentacle's grasp on you weakens, but your attempt to escape fails.
The small abomination is no longer distracted by gold.
The starspawn tentacle constricts you.
The starspawn tentacle loses its grip on you.
The tentacle pulls you backwards!
The salamander shoots an arrow.
The arrow hits you!
* * * LOW HITPOINT WARNING * * *
The arrow burns you.
* * * LOW HITPOINT WARNING * * *
The tentacled starspawn attacks as you move away!
The tentacled starspawn bites you but does no damage.
The tentacled starspawn tentacle-slaps you but does no damage.
The starspawn tentacle grabs you. The starspawn tentacle constricts you.
* * * LOW HITPOINT WARNING * * *
The starspawn tentacle loses its grip on you.
The salamander shoots an arrow.
The arrow hits you but does no damage. The sixfirhy hits you.
You die...
Your body crumbles into a pile of gold.

.. #.. #. .#.
.....### .#
#.#.... ..
#####.....##..#..
#.....#.#..#..#.
#....#3.##.....
#.@#w.....##
###.X.J# ..
##.#.#.##
#.#.$...### .
##..N#....#..#
#....##x###.#..
###.. ##.## #. #
#... #..## ##. .
#.#...#..#...#


You could see a tentacled starspawn (unsilenced), a salamander, a sixfirhy, a
small abomination and a jelly.

Vanquished Creatures
  A boulder beetle (D:12)
  3 two-headed ogres
  A death knight (D:11)
  3 orc knights
  A cyclops (D:11)
  2 ugly things
  An unseen horror (D:10)
  Psyche (D:9)
  A freezing wraith (D:11)
  A komodo dragon (D:11)
  A troll (D:11)
  A hornet (D:9)
  2 raiju (Abyss:2)
  9 slime creatures (D:12)
  A shadow (D:12)
  2 wyverns
  Eustachio (D:6)
  17 yaks
  3 steam dragons
  2 vampire mosquitoes (D:12)
  Menkaure (D:6)
  Edmund (D:5)
  Duvessa (D:4)
  3 acid dragons
  2 ice beasts (D:6)
  9 orc warriors
  2 black bears (D:7)
  3 ogres (D:6)
  6 centaurs
  A small abomination (Abyss:2)
  2 phantoms
  A gnoll sergeant (D:6)
  5 bullfrogs
  5 scorpions
  11 wights
  Dowan (D:4)
  16 killer bees (D:9)
  A howler monkey (D:5)
  2 jellies (D:6)
  A quasit (Abyss:2)
  3 hounds
  4 orc priests
  An iron imp (Abyss:2)
  4 iguanas
  15 orc wizards
  10 adders
  16 gnolls
  2 white imps
  A worm (D:3)
  3 dart slugs
  51 orcs
  3 endoplasms (D:4)
  4 giant cockroaches
  10 goblins
  13 hobgoblins
  A jackal (D:1)
  2 quokkas
  4 ball pythons
  11 bats
  4 frilled lizards
  18 kobolds
  6 rats
  2 starspawn tentacles (Abyss:2)
316 creatures vanquished.

Vanquished Creatures (collateral kills)
  3 slime creatures (D:12)
3 creatures vanquished.

Vanquished Creatures (others)
  3 plants (D:11)
  13 starspawn tentacles (Abyss:2)
16 creatures vanquished.

Grand Total: 335 creatures vanquished

Notes
Turn   | Place    | Note
-------+----------+-------------------------------------------
     0 | D:1      | retardedninja the Hill Orc Fighter began the quest for the
                  | Orb.
     0 | D:1      | Reached XP level 1. HP: 19/19 MP: 1/1
    82 | D:1      | Found a faded altar of an unknown god.
   300 | D:1      | Reached XP level 2. HP: 15/27 MP: 2/2
   301 | D:1      | Reached skill level 3 in Axes
   673 | D:1      | Reached XP level 3. HP: 33/33 MP: 3/3
  1417 | D:2      | Identified the +2 leather armour of the Shore {Int+5}
  1777 | D:2      | Identified a scroll of acquirement
  1777 | D:2      | Acquired the ring of Qazlal's Whim {Fire rN+ Dex+4 Slay+5}
  1838 | D:3      | Reached XP level 4. HP: 33/41 MP: 4/4
  1925 | D:3      | Reached skill level 4 in Axes
  2089 | D:3      | Reached XP level 5. HP: 47/47 MP: 5/5
  2492 | D:3      | Reached skill level 1 in Evocations
  2496 | D:3      | Reached XP level 6. HP: 30/55 MP: 6/6
  3092 | D:4      | Reached skill level 5 in Fighting
  3145 | D:4      | Reached skill level 5 in Axes
  3199 | D:4      | Noticed Dowan
  3199 | D:4      | Noticed Duvessa
  3208 | D:4      | Killed Duvessa
  3287 | D:4      | Killed Dowan
  3771 | D:4      | Found a bloodstained altar of Trog.
  3775 | D:4      | Found a shimmering blue altar of Sif Muna.
  3780 | D:4      | Found a burning altar of Makhleb.
  4008 | D:5      | Entered Level 5 of the Dungeon
  4075 | D:5      | Reached XP level 7. HP: 53/61 MP: 7/7
  4169 | D:5      | Found a staircase to the Ecumenical Temple.
  4215 | Temple   | Entered the Ecumenical Temple
  4227 | Temple   | Became a worshipper of Gozag Ym Sagoz the Greedy
  4371 | D:5      | Noticed Edmund
  4391 | D:5      | Killed Edmund
  4392 | D:5      | Reached skill level 6 in Axes
  4392 | D:5      | Reached skill level 5 in Armour
  4787 | D:5      | Reached skill level 5 in Shields
  4944 | D:5      | Reached XP level 8. HP: 44/70 MP: 8/8
  4947 | D:5      | Reached skill level 7 in Axes
  5835 | D:6      | Reached skill level 8 in Axes
  6392 | D:6      | Reached XP level 9. HP: 78/78 MP: 9/9
  6426 | D:6      | Reached skill level 9 in Axes
  6821 | D:6      | Noticed Menkaure
  6840 | D:6      | Killed Menkaure
  7512 | D:6      | Noticed Eustachio
  7520 | D:6      | Killed Eustachio
  7756 | D:6      | Reached skill level 10 in Axes
  7759 | D:6      | Reached skill level 5 in Evocations
  7765 | D:6      | Reached XP level 10. HP: 54/88 MP: 10/10
  8065 | D:7      | Found a flagged portal.
  8078 | Bailey   | Entered a bailey
  8085 | Bailey   | Noticed an orc knight
  8146 | Bailey   | Identified the +1 robe of the Forgotten Scars {*Slow rElec
                  | Regen+}
  8156 | Bailey   | Reached skill level 11 in Axes
  8162 | Bailey   | Noticed an orc knight
  8361 | Bailey   | Killed an orc knight
  8792 | Bailey   | Gained mutation: You are dopey. (Int -2) [potion of
                  | mutation]
  8792 | Bailey   | Gained mutation: Your flesh is cold resistant. (rC+)
                  | [potion of mutation]
  8792 | Bailey   | Gained mutation: You have a pair of small antennae on your
                  | head. [potion of mutation]
  8804 | Bailey   | Killed an orc knight
  9882 | D:7      | Found a hazy altar of Hepliaklqana.
  9883 | D:7      | Found a shimmering altar of Xom.
  9884 | D:7      | Noticed a spectral ugly thing
 10096 | D:8      | Found a transporter.
 10103 | D:8      | Found a transporter.
 10146 | D:8      | Reached skill level 12 in Axes
 10195 | D:8      | Found a transporter.
 10215 | D:8      | Found a transporter.
 10231 | D:8      | Found a transporter.
 10235 | D:8      | Found a transporter.
 10780 | D:9      | Noticed a two-headed ogre
 10787 | D:9      | Killed a two-headed ogre
 10788 | D:9      | Reached XP level 11. HP: 34/97 MP: 3/11
 11283 | D:9      | Reached skill level 13 in Axes
 11344 | D:9      | Found a glowing silver altar of Zin.
 11361 | D:9      | Found a blossoming altar of Fedhas.
 11538 | D:9      | Found an ancient bone altar of Kikubaaqudgha.
 11539 | D:9      | Found a hide-covered altar of Uskayaw.
 11540 | D:9      | Found a glowing golden altar of the Shining One.
 11789 | D:9      | Noticed Psyche
 11846 | D:9      | Killed Psyche
 11976 | D:9      | Found a basalt altar of Yredelemnul.
 11985 | D:9      | Found a broken altar of Ashenzari.
 12058 | D:10     | Entered Level 10 of the Dungeon
 13608 | D:11     | Lost mutation: Your flesh is cold resistant. (rC+) [potion
                  | of mutation]
 13608 | D:11     | Lost mutation: You have a pair of small antennae on your
                  | head. [potion of mutation]
 13608 | D:11     | Gained mutation: Your movements are slightly less
                  | encumbered by armour. (ER -2) [potion of mutation]
 13608 | D:11     | Gained mutation: You are robust. (+10% HP) [potion of
                  | mutation]
 13608 | D:11     | Gained mutation: You do not regenerate when monsters are
                  | visible. [potion of mutation]
 13656 | D:11     | Noticed an orc knight
 13670 | D:11     | Killed an orc knight
 13702 | D:11     | Noticed a cyclops
 13713 | D:11     | Killed a cyclops
 13714 | D:11     | Reached skill level 14 in Axes
 13782 | D:11     | Found Lessott's Magic Scroll Emporium.
 13789 | D:11     | Bought a scroll of summoning for 142 gold pieces
 13789 | D:11     | Bought a scroll of enchant armour for 112 gold pieces
 13792 | D:11     | Noticed a two-headed ogre
 13799 | D:11     | Killed a two-headed ogre
 13905 | D:11     | Noticed a two-headed ogre
 13915 | D:11     | Killed a two-headed ogre
 13916 | D:11     | Reached skill level 10 in Fighting
 14202 | D:11     | Found a staircase to the Lair.
 14246 | D:11     | Noticed a death knight
 14259 | D:11     | Killed a death knight
 14260 | D:11     | Reached XP level 12. HP: 41/116 MP: 5/12
 15267 | D:11     | Lost mutation: You are robust. (+10% HP) [potion of
                  | mutation]
 15267 | D:11     | Lost mutation: You are dopey. (Int -2) [potion of mutation]
 15267 | D:11     | Lost mutation: Your movements are slightly less encumbered
                  | by armour. (ER -2) [potion of mutation]
 15267 | D:11     | Gained mutation: You are partially covered in iridescent
                  | scales. (AC +2) [potion of mutation]
 15636 | D:12     | Noticed a boulder beetle
 15647 | D:12     | Killed a boulder beetle
 15821 | D:12     | Reached skill level 15 in Axes
 16377 | D:12     | Noticed Erolcha
 16381 | Abyss:2  | Cast into level 2 of the Abyss (Erolcha)
 16559 | Abyss:2  | Noticed a thrashing horror
 16641 | Abyss:2  | Found a corrupted altar of Lugonu.
 16728 | Abyss:2  | Noticed a lich
 16772 | Abyss:2  | Noticed a tentacled starspawn
 16776 | Abyss:2  | Noticed a tentacled starspawn
 16784 | Abyss:2  | Noticed a vampire mage
 16793 | Abyss:2  | HP: 5/108 [harpy skeleton[a vampire mage] (2)]
 16794 | Abyss:2  | HP: 2/108 [harpy skeleton[a vampire mage] (1)]
 16949 | Abyss:2  | Noticed a tentacled starspawn
 16961 | Abyss:2  | HP: 4/108 [salamander/arrow (2)]
 16963 | Abyss:2  | Slain by a sixfirhy

Illustrated notes

Levels and vault maps discovered:
D:1:      tarquinn_simple_flora_water_b, layout_loops_corners,
          basic_ecumenical_altar, minmay_crystal_water,
          ebering_dispersal_statue_hall, minmay_vboxes
D:2:      layout_loops_cross
D:3:      kennysheep_the_goblin_king, layout_loops_ring
D:4:      layout_cave_pools, minmay_overflow_temple_star_quad, uniq_duvessa
D:5:      layout_basic, minmay_temple_entry_stoned_glass,
          kennysheep_generic_room_8, uniq_edmund
D:6:      minmay_skewed_foursquare, layout_loops_corners, minmay_crossroads,
          uniq_menkaure, uniq_eustachio
D:7:      layout_cave_pools, regret_index_temple_of_mockery, enter_bailey_2
D:8:      layout_rooms, serial_nicolae_subway, nicolae_sub_station_metal,
          nicolae_sub_station_stone, nicolae_sub_station_crystal
D:9:      layout_loops_ring, minitemple, amethyst_overflow_temple_binary,
          uniq_psyche
D:10:     layout_cave_pods, grunt_decor_cap, minivault_27
D:11:     minmay_curly_fans, layout_long_grid, david_lair_shrubbed,
          serial_shops, shop
D:12:     layout_irregular_city, hiddenorc1_lemuel, uniq_erolcha
Temple:   compressed_dpeg_circular_temple
Abyss:2:  base:
D:12

Skill      XL: |  1  2  3  4  5  6  7  8  9 10 11 12 |
---------------+-------------------------------------+-----
Axes           | 3 4 5 6 8 10 12 14 15 | 15.5
Fighting       | 4 5 6 7 9 10 | 10.8
Shields        | 4 5 6 7 8 9 |  9.9
Armour         | 4 5 6 7 8 9 |  9.9
Evocations     | 1 2 3 5 6 7 8 |  8.2

Action                   |  1- 3 |  4- 6 |  7- 9 | 10-12 || total
-------------------------+-------+-------+-------+-------++-------
Melee: War axe           |   101 |   100 |   192 |   326 ||   719
       Unarmed           |       |       |       |    13 ||    13
       Broad axe         |       |       |       |   151 ||   151
Invok: Potion Petition   |       |       |       |     4 ||     4
Evoke: Wand              |       |       |       |    15 ||    15
  Use: Potion            |     1 |     3 |     3 |    16 ||    23
       Scroll            |    11 |     6 |       |    21 ||    38
 Stab: Distracted        |       |       |       |     3 ||     3
Armor: Scale mail        |    41 |       |       |       ||    41
       Chain mail        |    15 |    54 |       |       ||    69
       Plate armour      |       |     1 |   140 |   335 ||   476
       Skin              |       |       |       |    15 ||    15
Dodge: Dodged            |    51 |    34 |    63 |   171 ||   319
Block: Buckler           |    22 |    34 |    44 |   178 ||   278
